 Dungeon Crawl Stone Soup version 0.31.0-32-g396128a36d (webtiles) character file.

Game seed: 4551518570203725264

28 cariele the Chopper (level 2, -1/26 HPs)
             Began as a Draconian Berserker on Mar 9, 2024.
             Was a Believer of Trog.
             Slain by an adder (2 damage)
             ... on level 2 of the Dungeon.
             The game lasted 00:02:56 (704 turns).

cariele the Chopper (Draconian Berserker)            Turns: 704, Time: 00:02:56

Health: -1/26      AC:  5    Str: 19    XL:     2   Next: 96%
Magic:  2/2        EV: 12    Int:  7    God:    Trog [**....]
Gold:   45         SH:  0    Dex: 10    Spells: 1/1 levels left

rFire   . . .        a - +0 hand axe
rCold   . . .        (no shield)
rNeg    . . .        (body armour unavailable)
rPois   .            (helmet restricted)
rElec   .            (no cloak)
rCorr   .            (no gloves)
SInv    .            c - +0 pair of boots
Will    .....        (no amulet)
Stlth   +            (no ring)
HPRegen 0.24/turn    (no ring)
MPRegen 0.08/turn

%: no passive effects
@: lethally poisoned (-1 -> -2)
A: AC +4, unfitting armour, cold-blooded
a: Renounce Religion, Berserk, Trog's Hand


You were on level 2 of the Dungeon.
You worshipped Trog.
Trog was pleased with you.
You visited 1 branch of the dungeon, and saw 2 of its levels.

You collected 45 gold pieces.

Inventory:

Hand Weapons
 a - a +0 hand axe (weapon)
Armour
 c - a +0 pair of boots (worn)
Scrolls
 d - a scroll of blinking {unknown}
 e - 2 scrolls of identify {unknown}
 g - a scroll of enchant weapon {unknown}
Potions
 b - a potion of brilliance {unknown}
 f - a potion of lignification {unknown}


   Skills:
 + Level 3.6 Fighting
 - Level 3.7 Axes
 - Level 2.9 Dodging
 - Level 0.1 Stealth


You had one spell level left.
You didn't know any spells.
Your spell library was empty.

Dungeon Overview and Level Annotations

Branches:
Dungeon (2/15)

Altars:


Innate Abilities, Weirdness & Mutations

Your plain brown scales are hard. (AC +4)
You cannot fit into any form of body armour.
You are cold-blooded and may be slowed by cold attacks.


Message History

There is an open door here.
You closely miss the adder. The adder barely misses you.
You hit the adder but do no damage. The adder bites you. x2
You are poisoned.
The adder poisons you!
You barely miss the adder. Your punch misses the adder.
You feel sick. The adder closely misses you.
You miss the adder.
You feel sick. The adder bites you.
You are more poisoned.
The adder poisons you! The adder bites you.
You are too injured to fight recklessly!
You are too injured to fight recklessly!
You hit the adder.
The adder is moderately wounded.
* * * LOW HITPOINT WARNING * * *
You feel very sick. The adder barely misses you.
You closely miss the adder.
The adder is moderately wounded.
* * * LOW HITPOINT WARNING * * *
You feel sick. The adder closely misses you. The adder barely misses you.
You closely miss the adder.
The adder is moderately wounded.
* * * LOW HITPOINT WARNING * * *
You feel sick. The adder bites you.
* * * LOW HITPOINT WARNING * * *
* * * LOW HITPOINT WARNING * * *
You feel sick.
* * * LOW HITPOINT WARNING * * *
You feel sick. The adder misses you.
There is an open door here.
You miss the adder.
Your tail-slap misses the adder.
The adder is moderately wounded.
* * * LOW HITPOINT WARNING * * *
You feel sick. The adder closely misses you.
You closely miss the adder.
The adder is moderately wounded.
* * * LOW HITPOINT WARNING * * *
You feel sick. The adder bites you.
You die...

.... .... .....
..... ...!..
############?.....
#.......#.........
#.......@S........
#.......#....?...#
#.......#....##..#
#.......#....# #
#.......#....#
#####'#####....#
##...#.# ######
#....#.# #....#.#


You could see an adder.

Vanquished Creatures
  2 bats
  2 endoplasms (D:1)
  A giant cockroach (D:2)
  3 hobgoblins (D:1)
  6 quokkas (D:1)
  2 ball pythons (D:1)
  2 frilled lizards (D:1)
  2 goblins (D:1)
  5 rats (D:1)
25 creatures vanquished.

Notes
Turn   | Place    | Note
-------+----------+-------------------------------------------
     0 | D:1      | cariele the Draconian Berserker began the quest for the
                  | Orb.
     0 | D:1      | Reached XP level 1. HP: 19/19 MP: 1/1
   171 | D:1      | Reached XP level 2. HP: 26/26 MP: 2/2
   506 | D:1      | Reached ** piety under Trog
   704 | D:2      | HP: 1/26 [poisoned by an adder]
   704 | D:2      | Slain by an adder

Illustrated notes

Levels and vault maps discovered:
D:1:      ldierk_walled_garden_2, layout_basic, corexii_leaking_fountain
D:2:      layout_basic, ebering_ecumenical_altar_hall, serial_bayou_pond_a

Action                     || total
---------------------------++-------
  Melee: Hand axe          ||    81
         Tailslap          ||    10
   Stab: Sleeping          ||     2
 Armour: Skin              ||    41
  Dodge: Dodged            ||    49
